 Dungeon Crawl Stone Soup version 0.26-a0-542-gbaa144ba5c (webtiles) character file.

Game seed: 10270258274264926102

98 Eifo4Ohj9gu9Dob0ohLe the Covered (level 4, -4/29 HPs)
             Began as a Gargoyle Fighter on Aug 18, 2020.
             Was an Initiate of Nemelex Xobeh.
             Slain by an ogre
             ... wielding a +0 giant club
              (10 damage)
             ... on level 4 of the Dungeon.
             The game lasted 00:15:31 (2496 turns).

Eifo4Ohj9gu9Dob0ohLe the Covered (Gargoyle Fighter) Turns: 2496, Time: 00:15:32

Health: -4/29      AC:  8    Str: 20    XL:     4   Next: 71%
Magic:  4/4        EV:  9    Int:  9    God:    Nemelex Xobeh [......]
Gold:   204        SH:  9    Dex:  9    Spells: 3/3 levels left

rFire    . . .     SeeInvis .   a - +0 flail
rCold    + . .     Faith    .   c - +0 kite shield
rNeg     + . .     Spirit   .   i - +1 leather armour {rC+}
rPois    ∞         Reflect  .   (no helmet)
rElec    +         Harm     .   (no cloak)
rCorr    .                      (no gloves)
MR       .....                  (no boots)
Stlth    +.........             (no amulet)
HPRegen  0.09/turn              (no ring)
MPRegen  0.09/turn              (no ring)

@: no status effects
A: negative energy resistance 1, electricity resistance, unbreathing,
petrification resistance, rot immunity, AC +3
a: Draw Escape, Draw Destruction, Draw Summoning, Renounce Religion


You were on level 4 of the Dungeon.
You worshipped Nemelex Xobeh.
Nemelex Xobeh was noncommittal.
You visited 1 branch of the dungeon, and saw 4 of its levels.

You collected 204 gold pieces.

Inventory:

Hand Weapons
 a - a +0 flail (weapon)
 h - a +0 long sword
 j - a +1 vorpal falchion
Missiles
 k - a throwing net (quivered)
Armour
 b - a +0 scale mail
 c - a +0 kite shield (worn)
 i - a +1 leather armour of cold resistance (worn)
Jewellery
 l - an uncursed amulet of magic regeneration {unknown}
 n - an uncursed ring of protection from cold {unknown}
Wands
 m - a wand of polymorph (5)
Scrolls
 e - 8 scrolls of identify
 g - 2 scrolls of remove curse
Potions
 d - 2 potions of might
 f - 2 potions of magic
 o - a potion of ambrosia
 p - a potion of flight {unknown}


   Skills:
 + Level 3.7 Fighting
 + Level 2.7 Maces & Flails
 + Level 4.2 Armour
 + Level 0.6 Dodging
 + Level 4.1 Shields


You had 3 spell levels left.
You didn't know any spells.
Your spell library was empty.

Dungeon Overview and Level Annotations

Branches:
Dungeon (4/15)
 Temple: D:4-7

Altars:
Elyvilon
Gozag
Nemelex Xobeh


Innate Abilities, Weirdness & Mutations

You are resistant to torment.
Your stone body is resilient. (AC +3)
You are immune to poison.
You resist negative energy. (rN+)
You are resistant to electric shocks. (rElec)
You can survive without breathing.
You are immune to petrification.
You are immune to rotting.


Message History

You hit the ogre but do no damage. You block the ogre's attack.
You completely miss the ogre. You block the ogre's attack.
You sock the ogre!
The ogre is heavily wounded.
The phantom blinks!
The ogre closely misses you.
You hit the ogre.
The ogre is heavily wounded.
The ogre hits you but does no damage.
You hit the ogre.
The ogre is severely wounded.
The ogre hits you with a +0 giant club!!
Ouch! That really hurt!
* * * LOW HITPOINT WARNING * * *
You draw a card...
You have drawn the Elixir.
You begin rapidly regenerating.
The ogre barely misses you.
You draw a card...
You have drawn Foxfire.
The deck of cards glows slightly and disappears.
The ogre hits you with a +0 giant club!
You die...
Your body disappears without a glow.

#<.........#
##########.#
######.#######
#...(#.......#
#.##.#######.#
#.#..........#
#......#######
##.######v#


..>oWoO@vv# .#.######## You could see a phantom, an ogre, 2 orcs and 3 friendly
insubstantial wisps.

Vanquished Creatures
  4 adders
  2 worms
  A dart slug (D:1)
  3 leopard geckos (D:1)
  3 orcs
  4 bats
  A giant cockroach (D:2)
  2 hobgoblins
  8 jackals
  6 kobolds
  A quokka (D:2)
  A ball python (D:2)
  3 frilled lizards
  5 goblins
  A rat (D:1)
45 creatures vanquished.

Notes
Turn   | Place    | Note
-------+----------+-------------------------------------------
     0 | D:1      | Eifo4Ohj9gu9Dob0ohLe the Gargoyle Fighter began the quest
                  | for the Orb.
     0 | D:1      | Reached XP level 1. HP: 14/14 MP: 1/1
    44 | D:1      | Reached XP level 2. HP: 8/19 MP: 2/2
   560 | D:1      | Reached XP level 3. HP: 23/23 MP: 3/3
   804 | D:2      | Found an opulent altar of Gozag.
  1177 | D:2      | Found a sparkling altar of Nemelex Xobeh.
  1177 | D:2      | Found a transporter.
  1177 | D:2      | Noticed a necrophage
  1178 | D:2      | Noticed a crocodile
  1188 | D:2      | Became a worshipper of Nemelex Xobeh the Trickster
  1253 | D:2      | Found a faded altar of an unknown god.
  1270 | D:2      | Received a gift from Nemelex Xobeh
  1473 | D:3      | Found a white marble altar of Elyvilon.
  1658 | D:3      | Reached XP level 4. HP: 29/29 MP: 4/4
  2476 | D:4      | Noticed a phantom
  2478 | D:4      | Noticed an ogre
  2496 | D:4      | Slain by an ogre

Illustrated notes

Levels and vault maps discovered:
D:1:      psy_arrival_fountain, layout_basic, serial_curves, eino_curves_03,
          eino_curves_03, minmay_misc_feat_four_crosses, dk_noncrumbling_3
D:2:      layout_rooms, nicolae_overflow_hidden_temple,
          chequers_ecumenical_altar_simple_redux, dk_noncrumbling_4,
          grunt_nemelex_the_gamble
D:3:      layout_loops_corners, nicolae_overflow_crystal_walls, minivault_25
D:4:      layout_basic, uniq_eustachio

Skill      XL: |  1  2  3  4 |
---------------+-------------+-----
Armour         | 4 |  4.2
Shields        | 4 |  4.1
Fighting       | |  3.7
Maces & Flails | |  2.7
Dodging        | |  0.6

Action                   |  1- 3 |  4- 6 || total
-------------------------+-------+-------++-------
Melee: Flail             |   165 |    66 ||   231
Invok: Draw Destruction  |     1 |     2 ||     3
       Draw Escape       |       |     1 ||     1
       Draw Summoning    |       |     1 ||     1
Evoke: Wand              |     2 |       ||     2
  Use: Scroll            |     4 |     2 ||     6
       Potion            |     3 |     2 ||     5
Armor: Scale mail        |   113 |       ||   113
       Leather armour    |       |    21 ||    21
Dodge: Dodged            |    56 |    28 ||    84
Block: Kite shield       |   100 |    32 ||   132

Table legend: (Time is in decaauts)
 A = Elapsed time spent in this place.
 B = Non-inter-level travel time spent in this place.
 C = Inter-level travel time spent in this place.
 D = Time resting spent in this place.
 E = Time spent auto-exploring this place.
 F = Levels seen in this place.
 G = Mean time per level.
                   A        B        C        D        E       F      G
               +--------+--------+--------+--------+--------+-----+--------+
         Total |   2579 |   2576 |      3 |    438 |    758 |   4 |  644.8 |
       Dungeon |   2579 |   2576 |      3 |    438 |    758 |   4 |  644.8 |
               +--------+--------+--------+--------+--------+-----+--------+

Top non-repeatable levels by time:
     D:3: 969 daAuts
     D:1: 794 daAuts
     D:2: 738 daAuts
     D:4: 77 daAuts
